cohdb
Replays
Latest Replays
All Replays
Popular Replays
Top Player Replays
Match Explorer
How It Works
Community
CoH3 Stats
Reddit
Sign in to upload your games and track your stats! →
Sign in with Steam
Match 46855768
Unlisted
Match 46855768
Overview
Messages
Build Orders
End
Royal Engineer Section
Construct Section Command Post
Selects Indian Artillery Battlegroup
Infantry Section
Dingo Light Scout Car
Infantry Section
Construct Platoon Command Post
6-pounder Anti-tank Gun Team
Construct Field Infirmary
Grenade Package
Selects Valour
Unlock Bishop Self-propelled Artillery
Bishop Self-propelled Artillery
Selects Gurkha Rifles Section
Selects Artillery Saturation
Gurkha Rifles Section
6-pounder Anti-tank Gun Team
Infantry Training
Selects Pillage
Gurkha Rifles Section
Construct Company Command Post
Selects Off-map Airburst Barrage
Foot Guards Section
NooJ
Decafade
IJustDontCare
Scythe
0
0
Comments
sign in to comment!
No comments posted yet!